 Dungeon Crawl Stone Soup version 0.20.1-2-g1830e616b0 (webtiles) character file.

235 Alfie the Shooter (level 6, -2/46 HPs)
             Began as a Human Hunter on Jan 31, 2020.
             Slain by an orc wizard
             ... wielding a +0 dagger
              (4 damage)
             ... on level 3 of the Dungeon.
             The game lasted 00:06:54 (1971 turns).

Alfie the Shooter (Human Hunter)                    Turns: 1971, Time: 00:06:55

Health: -2/46      AC:  3    Str: 14    XL:     6   Next: 26%
Magic:  6/6        EV: 12    Int: 12    God:
Gold:   107        SH:  0    Dex: 13    Spells: 5/5 levels left

rFire    + . .     SeeInvis .   b - +0 short sword
rCold    + . .     Gourm    .   (no shield)
rNeg     . . .     Faith    .   c - +0 leather armour
rPois    +         Spirit   .   (no helmet)
rElec    +         Reflect  .   (no cloak)
rCorr    +         Harm     .   (no gloves)
MR       .....                  (no boots)
Stlth    +.........             (no amulet)
Regen    0.2/turn               (no ring)
MPRegen  0.1/turn               (no ring)

@: resistant, berserk cooldown, slowed, very slow
A: no striking features
a: no special abilities


You were on level 3 of the Dungeon.
You were not hungry.

You visited 1 branch of the dungeon, and saw 4 of its levels.

You collected 107 gold pieces.

Inventory:

Hand Weapons
 a - a +1 shortbow
 b - a +0 short sword (weapon)
 i - a +0 dagger of protection
Armour
 c - a +0 leather armour (worn)
Scrolls
 l - a scroll of enchant armour {unknown}
 m - 2 scrolls of remove curse {unknown}
 n - a scroll of identify
Potions
 e - 2 potions of resistance
 h - a potion of invisibility {unknown}
 j - a potion of mutation {unknown}
 k - a potion of ambrosia {unknown}
 o - a potion of flight {unknown}
Comestibles
 f - a bread ration


   Skills:
 + Level 2.8 Fighting
 + Level 0.8 Short Blades
 + Level 6.3 Bows
 + Level 1.0 Armour
 + Level 2.2 Dodging
 + Level 1.3 Stealth


You had 5 spell levels left.
You didn't know any spells.

Dungeon Overview and Level Annotations

Branches:
Dungeon (4/15)
 Temple: D:4-7

Altars:
Uskayaw


Message History

There is a stone staircase leading up here.
You can't go down here!
The orc wizard completely misses you.
You climb upwards.
The orc misses you. The orc completely misses you.
There is a stone staircase leading down here.
You see here a tomahawk.
You hit the orc wizard.
The orc wizard is moderately wounded.
The orc wizard misses you. The orc hits you with a flail.
* * * LOW HITPOINT WARNING * * *
The orc wizard gestures at you while chanting.
The magic dart hits you!
* * * LOW HITPOINT WARNING * * *
The orc wizard hits you but does no damage.
You hit the orc wizard.
The orc wizard is heavily wounded.
The orc closely misses you.
The orc wizard hits you but does no damage.
The orc wizard hits you with a dagger.
You die...

......#.####..............
......#.# #.........#..##
##.#......##.#####.....#.....##
..o..#...# #...................
##....#.# #########.......###.
_...8.#. #.####..# #.
......#.## #.# #..###.
....8....######## #.# #......
.......#†..ooo@o# #.# #.###.#
%...8(...######.# #.# #.###.#
......#.## #.# #.# #..##.#
..### #.# #.# #.# ##.##.# #.#
#.# #(# #.##.# ..# #.# #.#
#.##.# #.# #.# #<#####.##.# #.#
#.# #.......†..# ..# #.#
#######.####


You could see an orc wizard and 3 orcs.

Vanquished Creatures
  A howler monkey (D:3)
  An orc priest (D:2)
  A worker ant (D:4)
  6 adders
  3 gnolls (D:2)
  2 oozes
  A dart slug (D:2)
  3 leopard geckos
  4 orcs
  2 giant cockroaches
  4 goblins
  4 hobgoblins
  6 kobolds
  A quokka (D:3)
  2 ball pythons (D:3)
  3 bats
  4 frilled lizards
  6 rats
54 creatures vanquished.

Vanquished Creatures (others)
  The ghost of Alfie the Shooter, an amateur HuHu (D:4)
1 creature vanquished.

Grand Total: 55 creatures vanquished

Notes
Turn   | Place    | Note
-------+----------+-------------------------------------------
     0 | D:1      | Alfie the Human Hunter began the quest for the Orb.
     0 | D:1      | Reached XP level 1. HP: 16/16 MP: 1/1
   154 | D:1      | Reached XP level 2. HP: 22/22 MP: 2/2
   592 | D:1      | Reached XP level 3. HP: 27/27 MP: 3/3
   895 | D:2      | Reached skill level 5 in Bows
   936 | D:2      | Reached XP level 4. HP: 33/33 MP: 4/4
  1273 | D:2      | Reached XP level 5. HP: 38/38 MP: 5/5
  1652 | D:3      | Reached skill level 6 in Bows
  1712 | D:3      | Reached skill level 1 in Armour
  1793 | D:3      | Reached XP level 6. HP: 46/46 MP: 6/6
  1906 | D:3      | Found a hide-covered altar of Uskayaw.
  1949 | D:4      | Killed Alfie's ghost
  1966 | D:4      | Noticed an ogre
  1970 | D:3      | HP: 1/46 [orc wizard/magic dart (6)]
  1971 | D:3      | Slain by an orc wizard

Skill      XL: |  1  2  3  4  5 |
---------------+----------------+-----
Bows           | 5 6 |  6.3
Armour         | 1 |  1.0
Fighting       | |  2.8
Short Blades   | |  0.8
Dodging        | |  2.2
Stealth        | |  1.3

Action                   |  1- 3 |  4- 6 || total
-------------------------+-------+-------++-------
Melee: Short sword       |       |    39 ||    39
 Fire: Shortbow          |    51 |    67 ||   118
  Use: Scroll            |     2 |       ||     2
       Potion            |       |     2 ||     2
  Eat: Bread ration      |       |     1 ||     1
Armor: Leather armour    |     4 |    14 ||    18
Dodge: Dodged            |     1 |    41 ||    42
